 Dungeon Crawl Stone Soup version 0.14.2 (webtiles) character file.

253 prob127 the Poker (level 4, -3/37 HPs)
             Began as a Minotaur Gladiator on Feb 2, 2015.
             Killed from afar by an orc wizard (8 damage)
             ... with a puff of flame
             ... on Level 3 of the Dungeon.
             The game lasted 00:22:48 (1861 turns).

prob127 the Poker (Minotaur Gladiator)              Turns: 1861, Time: 00:22:48

HP  -3/37        AC  6     Str 20      XL: 4   Next: 70%
MP   2/2         EV 14     Int  6      God:
Gold 137         SH  0     Dex 10      Spells:  0 memorised,  3 levels left

rFire  . . .     SeeInvis .     a - +0 trident
rCold  . . .     Clarity  .     b - +0 leather armour
rNeg   . . .     Conserve .     (no shield)
rPois  .         rCorr    .     c - +0 hat
rElec  .         rRot     .     (no cloak)
SustAb . .       Spirit   .     k - +2 pair of gloves
rMut   .         Warding  .     (no boots)
Saprov . . .     Rnd*Tele +     (no amulet)
MR     .....                    v - cursed ring of teleportation
                                j - +2 ring of evasion

@: confused, not resistant to hostile enchantments, extremely unstealthy
A: retaliatory headbutt, horns 2
a: Evoke Teleportation


You were on level 3 of the Dungeon.
You were very hungry.

You visited 1 branch of the dungeon, and saw 3 of its levels.

You collected 137 gold pieces.

Inventory:

Hand weapons
 a - a +0,+0 trident (weapon)
 l - a +2,+2 hand axe
 p - a +1,+2 dagger of draining
 z - a +0,+0 flail
Missiles
 d - 3 throwing nets
 h - 54 darts
 i - 29 stones
 q - 27 arrows
 w - 2 tomahawks (quivered)
Armour
 b - a +0 leather armour (worn)
 c - a +0 hat (worn)
 k - a +2 pair of gloves (worn)
Magical devices
 s - a wand of random effects (20) {unknown}
 t - a wand of flame (17) {unknown}
Comestibles
 f - a bread ration
 m - a choko
 u - a slice of pizza
Scrolls
 e - 2 scrolls of fear {unknown}
 g - a scroll of amnesia {unknown}
 n - a scroll of remove curse {unknown}
 o - a scroll of blinking {unknown}
 r - a scroll of magic mapping {unknown}
 x - a scroll of identify {unknown}
 y - a scroll of teleportation {unknown}
Jewellery
 j - a +2 ring of evasion (left hand)
 v - a cursed ring of teleportation (right hand)


   Skills:
 + Level 2.8 Fighting
 + Level 4.4 Polearms
 + Level 3.2 Throwing
 + Level 1.0 Armour
 + Level 4.2 Dodging
 + Level 0.3 Stealth


You had 3 spell levels left.
You didn't know any spells.

Dungeon Overview and Level Annotations

Branches:
Dungeon (3/15)

Altars:
Xom


Innate Abilities, Weirdness & Mutations

You reflexively headbutt those who attack you in melee.
You have a pair of horns on your head.


Message History

Something you can't see is in the way.
You closely miss something. Something barely misses you.
Attack whom?
Press: ? - help, Dir - move target cursor, f/p - orc wizard
Aim: an orc wizard, wielding a dagger and wearing a robe (moderately wounded)
Something you can't see is in the way.
You closely miss something. You headbutt something.
You hear some strange, mumbled words.
You are confused.
Attack whom?
Press: ? - help, Dir - move target cursor, f/p - orc wizard
Aim: an orc wizard, wielding a dagger and wearing a robe (moderately wounded)
You reach to attack!
You swing wildly.
Something hits you but does no damage.
Attack whom?
Press: ? - help, Dir - move target cursor, f/p - orc wizard
Aim: an orc wizard, wielding a dagger and wearing a robe (moderately wounded)
You swing wildly.
You hear some strange, mumbled words.
The puff of flame hits you!
You die...

########### #.........#
#.........# #.........#
. #.........# ...
#.........### ....
#...........#### .....
#.........#....##o......
#..)......####.@(oo.....
##)######## ####r......
#...# ##### ###)# #.#
####'##### #........#
#.....<..# #........#


You could see an orc wizard, 2 orcs and a rat.

Vanquished Creatures
  An orc priest (D:3)
  Terence (D:2)
  An adder (D:1)
  5 orcs (D:3)
  10 bats
  2 giant cockroaches (D:2)
  6 goblins
  11 hobgoblins
  7 kobolds
  A quokka (D:2)
  A ball python (D:2)
  2 giant geckos
  A giant newt (D:1)
  4 jackals (D:1)
  7 rats
60 creatures vanquished.

Notes
Turn   | Place    | Note
--------------------------------------------------------------
     0 | D:1      | prob127, the Minotaur Gladiator, began the quest for the Orb.
     0 | D:1      | Reached XP level 1. HP: 18/18 MP: 1/1
   213 | D:1      | Reached XP level 2. HP: 20/25 MP: 1/1
   232 | D:1      | Reached skill level 4 in Polearms
   628 | D:1      | Reached XP level 3. HP: 30/30 MP: 2/2
  1046 | D:2      | Noticed Terence
  1565 | D:2      | Killed Terence
  1565 | D:2      | Reached XP level 4. HP: 34/37 MP: 2/2
  1662 | D:2      | Found a shimmering altar of Xom.
  1796 | D:3      | Reached skill level 1 in Armour
  1861 | D:3      | Killed from afar by an orc wizard

Action                   |  1- 3 |  4- 6 || total
-------------------------+-------+-------++-------
Melee: Trident           |    96 |    48 ||   144
Throw: Dart              |    57 |     9 ||    66
       Tomahawk          |    14 |     1 ||    15
  Use: Potion            |     2 |       ||     2
